 Dungeon Crawl Stone Soup version 0.30.0-29-ga12c61a403 (webtiles) character file.

Game seed: 6429854243930207026

681 qw the Chopper (level 7, -2/44 HPs)
             Began as a Gargoyle Fighter on June 5, 2023.
             Slain by a gnoll
             ... wielding a +0 flail
             ... led by a gnoll bouda
              (7 damage)
             ... on level 5 of the Dungeon.
             The game lasted 00:01:47 (2810 turns).

qw the Chopper (Gargoyle Fighter)                   Turns: 2810, Time: 00:01:48

Health: -2/44      AC: 12    Str: 22    XL:     7   Next: 61%
Magic:  7/7        EV:  9    Int:  8    God:
Gold:   226        SH:  4    Dex:  9    Spells: 6/6 levels left

rFire   . . .        Y - +0 war axe (heavy)
rCold   . . .        c - +0 buckler
rNeg    + . .        b - +0 scale mail
rPois   inf          m - +0 helmet
rElec   +            (no cloak)
rCorr   .            (no gloves)
SInv    .            (no boots)
Will    .....        l - amulet of regeneration Stlth
                     (no ring)
HPRegen 1.07/turn    (no ring)
MPRegen 0.10/turn

%: no passive effects
@: no status effects
A: sickness immunity, AC +4, negative energy resistance 1, electricity
resistance, torment resistance 1, petrification resistance
a: no special abilities


You were on level 5 of the Dungeon.
You visited 1 branch of the dungeon, and saw 5 of its levels.

You collected 226 gold pieces.


Innate Abilities, Weirdness & Mutations

You are immune to sickness and miasma.
Your stone body is resilient. (AC +4)
You are immune to poison.
You resist negative energy. (rN+)
You are resistant to electric shocks. (rElec)
You are resistant to unholy torment.
You are immune to petrification.


   Skills:
 - Level 4.8 Fighting
 + Level 6.8 Axes
 - Level 3.2 Armour
 - Level 1.0 Dodging
 - Level 3.2 Shields


You had 6 spell levels left.
You didn't know any spells.
Your spell library was empty.

Inventory:

Hand Weapons
 j - a +0 flail
 Y - a +0 heavy war axe (weapon)
Missiles
 g - 10 boomerangs (quivered)
Armour
 b - a +0 scale mail (worn)
 c - a +0 buckler (worn)
 m - a +0 helmet (worn)
Jewellery
 e - a +5 ring of evasion
 l - an amulet of regeneration (around neck)
Scrolls
 a - a scroll of identify
Potions
 d - 2 potions of might
 f - a potion of haste
 h - a potion of cancellation
 k - a potion of resistance

Dungeon Overview and Level Annotations

Branches:
Dungeon (5/15)
 Temple: D:4-7

Altars:
Makhleb


Message History

The gnoll's wounds heal themselves!
The gnoll hits you with a +0 spear. The gnoll closely misses you.
You block the gnoll's attack. The gnoll bouda closely misses you.
You hit the gnoll bouda but do no damage.
The gnoll bouda is moderately wounded.
You closely miss the gnoll.
The gnoll is no longer moving quickly.
The gnoll hits you but does no damage.
The gnoll bouda hits you with a +0 whip of pain.
The gnoll barely misses you. The gnoll hits you but does no damage.
You barely miss the gnoll bouda.
The gnoll bouda is moderately wounded.
You hit the gnoll but do no damage.
The gnoll bouda hits you but does no damage.
You writhe in agony.
The gnoll completely misses you. The gnoll barely misses you.
You block the gnoll's attack.
The gnoll bouda barks out a call to the hunt!
The gnolls pick up the pace!
The gnoll hits you but does no damage.
You slash the gnoll bouda!
The gnoll bouda is severely wounded.
You barely miss the gnoll.
The gnoll is no longer moving quickly.
The gnoll bouda barks out a call to the hunt!
The gnoll picks up the pace!
The gnoll hits you with a +0 spear.
The gnoll hits you but does no damage. x2
The gnoll bouda mumbles some strange prayers to its god.
The gnoll bouda is healed somewhat.
You slice the gnoll bouda!!
You kill the gnoll bouda!
You hit the gnoll. The gnoll hits you but does no damage. The gnoll misses you.
The gnoll hits you with a +0 flail. The gnoll hits you but does no damage.
You block the gnoll's attack.
You slash the gnoll!
You kill the gnoll!
You barely miss the gnoll. The gnoll hits you but does no damage.
The gnoll hits you from afar with a +0 spear.
The gnoll hits you with a +0 flail!
You die...

#..).....+.#
#..)))...#.#
#..).<...#.#
#........#.####
#........#....##
####...........#
######.#####.....#
#.....)###.....#.#
#....gg@...#...# #
#.....##########
+.... #... ... ..
.


You could see 2 gnolls.

Vanquished Creatures
  3 ogres
  3 iron imps (D:4)
  A jelly (D:4)
  2 orc priests (D:5)
  A gnoll bouda (D:5)
  A hound (D:4)
  5 gnolls
  5 adders
  An ufetubus (D:4)
  3 dart slugs (D:1)
  9 orcs
  6 ball pythons
  2 bats
  8 endoplasms
  A giant cockroach (D:1)
  16 goblins
  7 hobgoblins
  8 jackals
  5 quokkas
  2 frilled lizards
  8 kobolds
  6 rats
103 creatures vanquished.

Notes
Turn   | Place    | Note
-------+----------+-------------------------------------------
     0 | D:1      | qw the Gargoyle Fighter began the quest for the Orb.
     0 | D:1      | Reached XP level 1. HP: 14/14 MP: 1/1
     0 | D:1      | 0 ||| qw: Version: 0.2-a-108-gee2c290
     0 | D:1      | 0 ||| qw: Game counter: 1445
     0 | D:1      | 0 ||| qw: Always use a shield: true
     0 | D:1      | 0 ||| qw: God list: Okawaru
     0 | D:1      | 0 ||| qw: Allow faded altars: false
     0 | D:1      | 0 ||| qw: Do Orc after D:15 true
     0 | D:1      | 0 ||| qw: Do second Lair branch before Depths: true
     0 | D:1      | 0 ||| qw: Lair rune preference: random
     0 | D:1      | 0 ||| qw: Plans: Normal, Zot:1-4, Slime:5, God:TSO, Crypt,
                  | Tomb, Abyss, Pan, Hells, Win
     0 | D:1      | 0 ||| PLANNING D:1-11
    39 | D:1      | 39 ||| Stepping ~*~*~tactically~*~*~ (hiding).
    41 | D:1      | 41 ||| Stepping ~*~*~tactically~*~*~ (hiding).
    62 | D:1      | Reached skill level 2 in Axes
    95 | D:1      | 95 ||| Stepping ~*~*~tactically~*~*~ (hiding).
    97 | D:1      | 97 ||| Stepping ~*~*~tactically~*~*~ (hiding).
   101 | D:1      | 101 ||| Stepping ~*~*~tactically~*~*~ (hiding).
   106 | D:1      | Reached XP level 2. HP: 19/19 MP: 2/2
   386 | D:1      | 386 ||| Stepping ~*~*~tactically~*~*~ (stealth).
   388 | D:1      | 388 ||| Stepping ~*~*~tactically~*~*~ (hiding).
   393 | D:1      | Reached skill level 3 in Axes
   393 | D:1      | 393 ||| Stepping ~*~*~tactically~*~*~ (stealth).
   394 | D:1      | 394 ||| Stepping ~*~*~tactically~*~*~ (stealth).
   395 | D:1      | 395 ||| Stepping ~*~*~tactically~*~*~ (stealth).
   397 | D:1      | 397 ||| Stepping ~*~*~tactically~*~*~ (stealth).
   404 | D:1      | Reached XP level 3. HP: 20/23 MP: 3/3
   417 | D:1      | 417 ||| Stepping ~*~*~tactically~*~*~ (stealth).
   420 | D:1      | 420 ||| Stepping ~*~*~tactically~*~*~ (stealth).
   421 | D:1      | 421 ||| Stepping ~*~*~tactically~*~*~ (stealth).
   479 | D:1      | 479 ||| Stepping ~*~*~tactically~*~*~ (hiding).
   482 | D:1      | 482 ||| Stepping ~*~*~tactically~*~*~ (hiding).
   484 | D:1      | 484 ||| Stepping ~*~*~tactically~*~*~ (hiding).
   679 | D:1      | Found a faded altar of an unknown god.
   731 | D:1      | 731 ||| READING scroll labelled MYUDEN XIEFYOSK.
   732 | D:1      | 732 ||| READING scroll labelled CUCOYDEROV.
   766 | D:2      | 766 ||| Stepping ~*~*~tactically~*~*~ (hiding).
   770 | D:2      | 770 ||| Stepping ~*~*~tactically~*~*~ (hiding).
   771 | D:2      | 771 ||| Stepping ~*~*~tactically~*~*~ (hiding).
   843 | D:2      | 843 ||| DROPPING +0 club.
   913 | D:2      | Reached XP level 4. HP: 19/28 MP: 4/4
  1239 | D:2      | Reached skill level 4 in Axes
  1390 | D:3      | 1390 ||| Stepping ~*~*~tactically~*~*~ (stealth).
  1481 | D:3      | Noticed an ogre
  1490 | D:3      | Killed an ogre
  1491 | D:3      | Reached skill level 5 in Axes
  1491 | D:3      | Reached XP level 5. HP: 17/32 MP: 5/5
  1577 | D:3      | 1577 ||| DROPPING +0 whip.
  1691 | D:3      | Noticed an ogre
  1704 | D:3      | HP: 5/33 [ogre/+0 giant club (9)]
  1705 | D:3      | Killed an ogre
  1706 | D:3      | Reached XP level 6. HP: 7/40 MP: 6/6
  1895 | D:3      | 1895 ||| Stepping ~*~*~tactically~*~*~ (stealth).
  1900 | D:3      | 1900 ||| Stepping ~*~*~tactically~*~*~ (stealth).
  2015 | D:3      | 2015 ||| READING scroll labelled ZOT MITTICOSOW.
  2016 | D:3      | 2016 ||| READING scroll labelled HIJYSO KISK.
  2017 | D:3      | 2017 ||| READING 4 scrolls of identify.
  2017 | D:3      | 2017 ||| IDENTIFYING smoky clear potion
  2018 | D:3      | 2018 ||| READING 3 scrolls of identify.
  2018 | D:3      | 2018 ||| IDENTIFYING silvery potion
  2019 | D:3      | 2019 ||| READING 2 scrolls of identify.
  2019 | D:3      | 2019 ||| IDENTIFYING metallic cyan potion
  2020 | D:3      | 2020 ||| DROPPING potion of flight.
  2051 | D:4      | Reached skill level 1 in Dodging
  2094 | D:4      | 2094 ||| Stepping ~*~*~tactically~*~*~ (hiding).
  2097 | D:4      | 2097 ||| Stepping ~*~*~tactically~*~*~ (hiding).
  2098 | D:4      | 2098 ||| Stepping ~*~*~tactically~*~*~ (hiding).
  2119 | D:4      | Identified the +9 dagger "Impbane" {distort, Str+6 Dex+4}
  2575 | D:4      | Found a burning altar of Makhleb.
  2591 | D:4      | Reached XP level 7. HP: 44/44 MP: 7/7
  2619 | D:4      | Reached skill level 6 in Axes
  2736 | D:4      | 2736 ||| UPGRADING to +0 helmet.
  2741 | D:4      | 2741 ||| UPGRADING to amulet of regeneration.
  2746 | D:4      | 2746 ||| READING scroll labelled LUEWYA NOKUA.
  2747 | D:4      | 2747 ||| READING scroll labelled AKLIONL WUCE.
  2748 | D:4      | 2748 ||| READING 2 scrolls of identify.
  2748 | D:4      | 2748 ||| IDENTIFYING bubbling green potion
  2763 | D:5      | Entered Level 5 of the Dungeon
  2793 | D:5      | 2793 ||| Stepping ~*~*~tactically~*~*~ (stealth).
  2797 | D:5      | HP: 11/44 [ogre/+0 giant spiked club (14)]
  2803 | D:5      | HP: 11/44 [gnoll/+0 spear[a gnoll bouda] (3)]
  2806 | D:5      | HP: 5/44 [gnoll bouda/+0 whip of pain (3)]
  2810 | D:5      | Slain by a gnoll

Levels and vault maps discovered:
D:1:      giann_wishing_wells, layout_rooms,
          hellmonk_ecumenical_altar_leap_of_faith
D:2:      layout_basic
D:3:      layout_rooms, minmay_ogre_servants
D:4:      layout_basic, demons_altar, kennysheep_small_square
D:5:      layout_basic, minmay_temple_entry_proselytizer, uniq_duvessa

Skill      XL: |  1  2  3  4  5  6  7 |
---------------+----------------------+-----
Axes           | 2 3 5 6 |  6.8
Fighting       | 4 |  4.8
Dodging        | 1 |  1.0
Armour         | |  3.2
Shields        | |  3.2

Action                     |  1- 3 |  4- 6 |  7- 9 || total
---------------------------+-------+-------+-------++-------
  Melee: War axe           |    99 |   128 |    31 ||   258
  Throw: Boomerang         |       |    38 |    19 ||    57
    Use: Scroll            |     2 |     5 |     3 ||    10
 Armour: Scale mail        |    79 |    56 |    28 ||   163
  Dodge: Dodged            |    64 |    63 |    28 ||   155
  Block: Buckler           |    31 |    22 |    11 ||    64

Table legend:
 A = Non-vault XP
 B = Vault XP
 C = Vault XP percentage of total XP
 D = Non-vault monster count
 E = Vault monster count
 F = Vault count percentage of total count
                 A         B        C        D         E       F
            +---------+---------+-------+---------+---------+-------
      Total |     701 |     287 |  29.0 |      88 |      15 |  14.6
            +---------+---------+-------+---------+---------+-------
        D:1 |      52 |       0 |   0.0 |      26 |       0 |   0.0
        D:2 |      47 |       0 |   0.0 |      20 |       0 |   0.0
        D:3 |     181 |     134 |  42.5 |      18 |       9 |  33.3
        D:4 |     153 |     153 |  50.0 |      15 |       6 |  28.6
        D:5 |     268 |       0 |   0.0 |       9 |       0 |   0.0
            +---------+---------+-------+---------+---------+-------
